 Dungeon Crawl Stone Soup version 0.31-a0-345-g1ebeae05c6 (webtiles) character file.

Game seed: 1377216944227135182

556 promet the Covert (level 7, -5/36 HPs)
             Began as a Spriggan Brigand on July 23, 2023.
             Was an Initiate of Dithmenos.
             Killed from afar by Dowan (14 damage)
             ... with a stone arrow
             ... on level 4 of the Dungeon.
             The game lasted 00:18:20 (3760 turns).

promet the Covert (Spriggan Brigand)                Turns: 3760, Time: 00:18:21

Health: -5/36      AC:  4    Str:  7 (9)  XL:     7   Next: 8%
Magic:  0/8        EV: 18    Int: 12      God:    Dithmenos [......]
Gold:   221        SH:  0    Dex: 17      Spells: 6/6 levels left

rFire   . . .        a - +4 quarterstaff (chaos)
rCold   . . .        (shield currently unavailable)
rNeg    . . .        b - +0 robe
rPois   .            (helmet restricted)
rElec   .            l - +1 cloak
rCorr   .            (gloves unavailable)
SInv    +            (boots unavailable)
Will    ++...        j - amulet of guardian spirit
Stlth   ++++         (no ring)
HPRegen 0.26/turn    (no ring)
MPRegen 0.11/turn

%: random rage (3%), guardian spirit
@: enlightened, flying, very quick
A: very small, no large weapons, unfitting armour, see invisible, speed 3,
hooves 1, berserk 1, MP-powered wands
a: Renounce Religion


You were on level 4 of the Dungeon.
You worshipped Dithmenos.
Dithmenos was noncommittal.
You visited 1 branch of the dungeon, and saw 4 of its levels.

You collected 221 gold pieces.

Inventory:

Hand Weapons
 a - a +4 quarterstaff of chaos (weapon)
 h - a +2 dagger
 p - a +2 hammer of holy wrath
Missiles
 d - 4 poisoned darts
 f - 16 stones
Armour
 b - a +0 robe (worn)
 c - a +0 cloak
 l - a +1 cloak (worn)
Jewellery
 j - an amulet of guardian spirit (around neck)
 o - a ring of resist corrosion
Wands
 g - a wand of polymorph (2)
Scrolls
 i - a scroll of torment
 k - 3 scrolls of identify
 q - a scroll of poison {unknown}
Potions
 m - a potion of enlightenment
 n - a potion of curing {unknown}


   Skills:
 * Level 3.0 Fighting
 + Level 4.3 Short Blades
 + Level 0.9 Staves
 + Level 2.8 Throwing
 + Level 3.0 Dodging
 + Level 9.4 Stealth
 + Level 0.1 Unarmed Combat


You had 6 spell levels left.
You didn't know any spells.
Your spell library contained the following spells:

 Spells                   Type           Power      Damage    Failure   Level
 Dazzling Flash           Conj/Hex       0%         N/A       69%         3
 Volatile Blastmotes      Fire/Tloc      0%         2d10      69%         3
 Starburst                Conj/Fire      0%         6d3       100%        6
 Maxwell's Capacitive Co  Air            0%         ∞         100%        8


Dungeon Overview and Level Annotations

Branches:
Dungeon (4/15)
 Temple: D:4-7

Altars:
Cheibriados
Dithmenos
Trog

Annotations:
D:4 Dowan


Innate Abilities, Weirdness & Mutations

You are very small and have problems with some larger weapons.
You are too small for most types of armour.
You have supernaturally acute eyesight. (SInv)
You cover ground extremely quickly. (Speed+++)
You have large cloven feet.
You sometimes lose your temper in combat.
You expend magic power (3 MP) to strengthen your wands.


Message History

Duvessa looks more healthy.
Duvessa misses you.
Dowan casts a spell.
Dowan blinks!
You hit Duvessa.
Duvessa is severely wounded.
Duvessa hits you with a +0 short sword.
You closely miss Duvessa. You kick Duvessa.
Duvessa is almost dead.
Duvessa gestures with her weapon.
Duvessa hits you with a +0 short sword! x2
You hit Duvessa.
You feel better.
Duvessa is almost dead.
Duvessa misses you.
You hit Duvessa but do no damage. Your kick misses Duvessa.
Duvessa is almost dead.
Duvessa gestures with her weapon.
Duvessa hits you with a +0 short sword!
* * * LOW HITPOINT WARNING * * *
You hit Duvessa.
Duvessa resists with almost no effort.
You kick Duvessa, but do no damage.
Duvessa is almost dead.
Duvessa misses you.
You hit Duvessa. Lightning courses through Duvessa!
You kill Duvessa!
Dithmenos accepts your kill.
Dowan screams, "No!
No!"
Dowan seems to find hidden reserves of power!
You feel your dexterity returning.
Your Fighting skill increases to level 3!
Your Dodging skill increases to level 3!
You have reached level 7!
It was a potion of enlightenment.
You feel very buoyant.
You fly up into the air.
Dowan barely misses you. Dowan hits you with a +0 dagger.
* * * LOW HITPOINT WARNING * * *
You barely miss Dowan. Your kick misses Dowan.
Dowan points at you and mumbles some strange words.
The stone arrow hits you!
You die...

....# ##...(....... .
#....(....... ..
##............ ...
##.............
.....#####..............
........................
.......................#
.....###...#....e.......
....# #......#)@##......
....####.....######.....#
....##.......## ##...?..#
.........###..###.......#
..#....### ##..........#
.###..## ##.........###
.# #..## ##........... .#
## ##..# #..............
# ##..# ##......###....


You could see Dowan (fast).

Vanquished Creatures
  Duvessa (D:4)
  A black bear (D:4)
  A phantom (D:4)
  A howler monkey (D:4)
  2 hounds
  Crazy Yiuf (D:3)
  Jessica (D:3)
  An orc wizard (D:3)
  8 adders
  An ufetubus (D:4)
  2 worms
  2 orcs (D:3)
  4 bats (D:1)
  4 endoplasms
  A giant cockroach (D:3)
  5 hobgoblins
  4 kobolds
  5 quokkas
  4 ball pythons
  7 rats
56 creatures vanquished.

Notes
Turn   | Place    | Note
-------+----------+-------------------------------------------
     0 | D:1      | promet the Spriggan Brigand began the quest for the Orb.
     0 | D:1      | Reached XP level 1. HP: 10/10 MP: 2/2
    52 | D:1      | Reached skill level 6 in Stealth
   188 | D:1      | Reached XP level 2. HP: 12/15 MP: 3/3
  1383 | D:2      | Reached skill level 7 in Stealth
  1383 | D:2      | Reached XP level 3. HP: 18/18 MP: 4/4
  1648 | D:2      | You fall into a shaft and drop 1 floor!
  1648 | D:3      | Found a bloodstained altar of Trog.
  1649 | D:3      | Noticed Jessica
  1651 | D:3      | Found a shadowy altar of Dithmenos.
  1670 | D:3      | Killed Jessica
  1671 | D:3      | Reached XP level 4. HP: 23/23 MP: 5/5
  2220 | D:3      | Reached skill level 8 in Stealth
  2277 | D:3      | Reached XP level 5. HP: 27/27 MP: 6/6
  2516 | D:3      | Found a runed translucent door.
  2517 | D:3      | Noticed Crazy Yiuf
  2549 | D:3      | Gained mutation: You have a beak for a mouth. [potion of
                  | mutation]
  2549 | D:3      | Gained mutation: You sometimes lose your temper in combat.
                  | [potion of mutation]
  2549 | D:3      | Gained mutation: You are frail. (-10% HP) [potion of
                  | mutation]
  2555 | D:3      | Killed Crazy Yiuf
  2860 | D:3      | Lost mutation: You have a beak for a mouth. [potion of
                  | mutation]
  2860 | D:3      | Lost mutation: You are frail. (-10% HP) [potion of
                  | mutation]
  2860 | D:3      | Gained mutation: You have large cloven feet. [potion of
                  | mutation]
  2860 | D:3      | Gained mutation: You expend magic power (3 MP) to
                  | strengthen your wands. [potion of mutation]
  2929 | D:4      | Noticed a black bear
  3117 | D:4      | Found a snail-covered altar of Cheibriados.
  3161 | D:3      | Reached XP level 6. HP: 32/32 MP: 5/7
  3177 | D:3      | Became a worshipper of Dithmenos the Shadowed
  3241 | D:4      | Reached skill level 9 in Stealth
  3652 | D:4      | Noticed Dowan
  3653 | D:4      | Noticed Duvessa
  3758 | D:4      | Killed Duvessa
  3759 | D:4      | Reached XP level 7. HP: 10/36 MP: 2/8
  3760 | D:4      | Killed from afar by Dowan

Illustrated notes

Levels and vault maps discovered:
D:1:      dpeg_arrival_rooms_c, layout_basic, roderic_cross_of_infinity
D:2:      layout_basic, serial_corexii_hall, chequers_hall_statues_corner_a,
          corexii_hall_statues_i, corexii_hall_statues_x,
          chequers_hall_statues_y, hellmonk_ecumenical_altar_zigzags,
          basic_altar, uniq_sigmund, uniq_terence
D:3:      layout_basic, nicolae_overflow_hidden_temple, uniq_jessica,
          uniq_crazy_yiuf_cottage
D:4:      layout_layer_cave, fiery_altar_vehumet,
          nicolae_overflow_crystal_walls, temple_pool_b, uniq_duvessa

Skill      XL: |  1  2  3  4  5  6 |
---------------+-------------------+-----
Stealth        | 6 7 8 9 |  9.4
Fighting       | 2 3 |  3.0
Short Blades   | 3 4 |  4.3
Dodging        | 2 3 |  3.0
Staves         | |  0.9
Throwing       | |  2.8
Unarmed Combat | |  0.1

Action                     |  1- 3 |  4- 6 |  7- 9 || total
---------------------------+-------+-------+-------++-------
  Melee: Dagger            |    61 |   115 |       ||   176
         Punch             |     1 |     2 |       ||     3
         Quarterstaff      |       |    20 |     1 ||    21
         Unarmed           |       |     5 |       ||     5
         Kick              |       |    21 |       ||    21
  Throw: Dart              |     3 |    14 |       ||    17
    Use: Scroll            |     4 |     2 |       ||     6
         Potion            |       |     5 |     1 ||     6
   Stab: Sleeping          |    11 |    10 |       ||    21
 Armour: Robe              |     6 |    24 |       ||    30
  Dodge: Dodged            |    34 |    94 |     1 ||   129

Table legend: (Time is in decaauts)
 A = Elapsed time spent in this place.
 B = Non-inter-level travel time spent in this place.
 C = Inter-level travel time spent in this place.
 D = Time resting spent in this place.
 E = Time spent auto-exploring this place.
 F = Levels seen in this place.
 G = Mean time per level.
                   A        B        C        D        E       F      G
               +--------+--------+--------+--------+--------+-----+--------+
         Total |   2786 |   2708 |     78 |    952 |    833 |   4 |  696.5 |
       Dungeon |   2786 |   2708 |     78 |    952 |    833 |   4 |  696.5 |
               +--------+--------+--------+--------+--------+-----+--------+

Top non-repeatable levels by time:
     D:3: 1145 daAuts
     D:1: 983 daAuts
     D:4: 428 daAuts
     D:2: 228 daAuts
